 Dungeon Crawl Stone Soup version 0.23.2-40-g277498a (webtiles) character file.

Game seed: 13879930415133537169

50 Balder the Covered (level 3, -1/33 HPs)
             Began as a Minotaur Fighter on Aug 13, 2019.
             Slain by Crazy Yiuf
             ... wielding a +3 quarterstaff of chaos
              (12 damage)
             ... on level 2 of the Dungeon.
             The game lasted 00:05:35 (1092 turns).

Balder the Covered (Minotaur Fighter)               Turns: 1092, Time: 00:05:36

Health: -1/33      AC:  7    Str: 25    XL:     3   Next: 55%
Magic:  0/2        EV:  8    Int:  5    God:
Gold:   41         SH: 10    Dex: 10    Spells: 2/2 levels left

rFire    . . .     SeeInvis .   a - +0 flail
rCold    . . .     Gourm    .   c - +0 shield
rNeg     . . .     Faith    .   b - +0 scale mail
rPois    .         Spirit   .   (helmet restricted)
rElec    .         Reflect  .   (no cloak)
rCorr    .         Harm     .   (no gloves)
MR       .....                  (no boots)
Stlth    ..........             (no amulet)
HPRegen  0.11/turn              (no ring)
MPRegen  0.08/turn              (no ring)

@: mighty
A: retaliatory headbutt, horns 2
a: no special abilities


You were on level 2 of the Dungeon.
You were not hungry.

You visited 1 branch of the dungeon, and saw 2 of its levels.

You collected 41 gold pieces.

Inventory:

Hand Weapons
 a - a +0 flail (weapon)
Missiles
 r - 4 tomahawks (quivered)
Armour
 b - a +0 scale mail (worn)
 c - a +0 shield (worn)
Jewellery
 j - a cursed -3 ring of evasion {unknown}
 o - a +3 ring of protection {unknown}
Scrolls
 e - a scroll of enchant weapon {unknown}
 h - a scroll of teleportation {unknown}
 l - 3 scrolls of identify {unknown}
 m - 3 scrolls of amnesia {unknown}
 p - 3 scrolls of remove curse {unknown}
 q - a scroll of fear {unknown}
Potions
 d - a potion of might
 g - a potion of curing {unknown}
 k - a potion of heal wounds {unknown}
 n - a potion of agility {unknown}
Comestibles
 f - 2 rations
 i - a chunk of flesh


   Skills:
 * Level 4.1 Fighting
 * Level 3.2 Maces & Flails
 * Level 4.2 Armour
 * Level 0.5 Dodging
 * Level 4.0 Shields


You had 2 spell levels left.
You didn't know any spells.
Your spell library was empty.

Dungeon Overview and Level Annotations

Branches:
Dungeon (2/15)

Altars:
Kikubaaqudgha

Annotations:
D:2 Crazy Yiuf


Innate Abilities, Weirdness & Mutations

You reflexively headbutt those who attack you in melee.
You have a pair of horns on your head.


Message History

You block Crazy Yiuf's attack.
You hit Crazy Yiuf. Your headbutt misses Crazy Yiuf.
Crazy Yiuf is heavily wounded.
Crazy Yiuf hits you with a +3 quarterstaff of chaos.
You hit Crazy Yiuf but do no damage. Your headbutt misses Crazy Yiuf.
Crazy Yiuf is heavily wounded.
Crazy Yiuf hits you with a +3 quarterstaff of chaos.
You hit Crazy Yiuf but do no damage. Your headbutt misses Crazy Yiuf.
Crazy Yiuf is heavily wounded.
Crazy Yiuf hits you with a +3 quarterstaff of chaos.
Crazy Yiuf burns you.
Crazy Yiuf hits you with a +3 quarterstaff of chaos!
You feel your power leaking away.
You sock Crazy Yiuf!
Crazy Yiuf is almost dead.
Crazy Yiuf hits you with a +3 quarterstaff of chaos.
Crazy Yiuf burns you.
You feel very mighty all of a sudden.
Crazy Yiuf hits you with a +3 quarterstaff of chaos!
You die...

#######.............##.# .
###.............##.#########
#...............##.#........
#.##################.#####.#
#.# #.# #.# #.# #.# ###
#.##### ### #.# #..+..##
###..)# #.#
#......####@g...# ##.#
#.......#..##...# #..# ###
#..+...#.### ### #### #<#
########## #.# ########.#
####......#.. #.........###
#.........<.. #...(..รท.....


You could see Crazy Yiuf.

Vanquished Creatures
  An adder (D:2)
  An ooze (D:1)
  A dart slug (D:2)
  2 leopard geckos
  3 bats
  3 giant cockroaches
  6 hobgoblins
  2 frilled lizards
  4 goblins
  3 kobolds
  5 rats (D:1)
31 creatures vanquished.

Notes
Turn   | Place    | Note
-------+----------+-------------------------------------------
     0 | D:1      | Balder the Minotaur Fighter began the quest for the Orb.
     0 | D:1      | Reached XP level 1. HP: 19/19 MP: 0/0
   212 | D:1      | Reached XP level 2. HP: 27/27 MP: 1/1
   667 | D:1      | Reached XP level 3. HP: 33/33 MP: 2/2
   782 | D:2      | Found an ancient bone altar of Kikubaaqudgha.
   848 | D:2      | Noticed Terence
  1079 | D:2      | Found a runed translucent door.
  1080 | D:2      | Noticed Crazy Yiuf
  1092 | D:2      | Slain by Crazy Yiuf

Skill      XL: |  1  2  3 |
---------------+----------+-----
Fighting       | 4 |  4.1
Armour         | 4 |  4.2
Shields        | 4 |  4.0
Maces & Flails | 3 |  3.2
Dodging        | |  0.5

Action                   || total
-------------------------++-------
Melee: Flail             ||    71
       Headbutt          ||    11
  Use: Potion            ||     1
  Eat: Chunk             ||     1
Armor: Scale mail        ||    24
Dodge: Dodged            ||    13
Block: Shield            ||    26
